 Dungeon Crawl Stone Soup version 0.31-a0-149-g3fdcc5976a (webtiles) character file.

Game seed: 11788037313948502535

12776 qw the Marksminotaur (level 11, 0/101 HPs)
             Began as a Minotaur Hunter on June 7, 2023.
             Was a Priest of Okawaru.
             Succumbed to a black mamba's poison
             ... on level 1 of the Lair of Beasts.
             The game lasted 00:04:46 (8972 turns).

qw the Marksminotaur (Minotaur Hunter)              Turns: 8972, Time: 00:04:46

Health: 0/101      AC: 13    Str: 19    XL:     11   Next: 66%
Magic:  22/22      EV: 18    Int:  6    God:    Okawaru [***...]
Gold:   671        SH:  0    Dex: 18    Spells: 10/10 levels left

rFire   + . .        Y - +0 orcbow
rCold   . . .        (shield currently unavailable)
rNeg    . . .        g - +2 ring mail {rF+}
rPois   .            s - +2 hat
rElec   .            h - +1 cloak
rCorr   +            (no gloves)
SInv    .            (no boots)
Will    .....        f - amulet of regeneration
Stlth   +++          l - ring of resist corrosion
HPRegen 1.16/turn    j - ring of Ibosuzxea {MP+9 Str+3}
MPRegen 0.18/turn

%: no passive effects
@: lethally poisoned (0 -> -2), about to teleport, heroic
A: horns 2, retaliatory headbutt
a: Renounce Religion, Heroism


You were on level 1 of the Lair of Beasts.
You worshipped Okawaru.
Okawaru was most pleased with you.
You visited 3 branches of the dungeon, and saw 12 of its levels.

You collected 777 gold pieces.
You spent 106 gold pieces at shops.


Innate Abilities, Weirdness & Mutations

You have a pair of horns on your head.
You reflexively headbutt those who attack you in melee.


   Skills:
 + Level 10.6(15.6) Fighting
 - Level 16.0(21.0) Ranged Weapons
 - Level 4.4(9.4) Armour
 - Level 7.3(12.3) Dodging
 - Level 0.7(5.7) Stealth
 - Level 4.2 Invocations


You had 10 spell levels left.
You didn't know any spells.
Your spell library was empty.

Inventory:

Hand Weapons
 Y - a +0 orcbow (weapon)
Armour
 c - the +1 ring mail of Hopscotch {rC+ Str+4}
   (You found it on level 5 of the Dungeon)

   Str:       It affects your strength (+4).
   rC:        It protects you from cold.
 g - a +2 ring mail of fire resistance (worn)
 h - a +1 cloak (worn)
 s - a +2 hat (worn)
Jewellery
 a - a ring of positive energy
 f - an amulet of regeneration (around neck)
 j - the ring of Ibosuzxea (right hand) {MP+9 Str+3}
   (You found it on level 2 of the Dungeon)

   [ring of magical power]

   Str:       It affects your strength (+3).
   MP:        It affects your magic capacity (+9).
 l - a ring of resist corrosion (left hand)
Scrolls
 k - a scroll of identify
Potions
 b - a potion of curing
 d - 2 potions of haste
 e - a potion of degeneration {unknown}
 i - a potion of resistance
 n - a potion of cancellation
 o - a potion of might {unknown}
 q - a potion of heal wounds {unknown}
 r - a potion of magic
 t - a potion of brilliance {unknown}

Dungeon Overview and Level Annotations

Branches:
Dungeon (10/15)            Temple (1/1) D:5            Lair (1/5) D:10
    Orc: D:9-12

Altars:
Ashenzari
Cheibriados
Dithmenos
Elyvilon
Fedhas
Gozag
Hepliaklqana
Kikubaaqudgha
Makhleb
Nemelex Xobeh
Okawaru
Qazlal
Ru
Sif Muna
Trog
Uskayaw
Vehumet
Wu Jian
Xom
Yredelemnul
Zin
The Shining One

Shops:
D:2 [(*:


Message History

The yak barely misses you. The yak gores you.
The black mamba completely misses you. You furiously retaliate!
You headbutt the black mamba. You shoot an arrow.
The arrow hits the black mamba!
You kill the black mamba!
Okawaru accepts your kill.
You feel very sick. The yak barely misses you. The yak closely misses you.
You shoot an arrow.
The arrow hits the yak but does no damage.
The yak is lightly wounded.
You feel very sick. The yak completely misses you. x2
The komodo dragon completely misses you.
You shoot an arrow. The arrow barely misses the yak.
Your surroundings suddenly seem different.
A basilisk comes into view.
Found a leather armour and 6 stones.
You feel very sick.
8968 ||| READING scroll of teleportation.
As you read the scroll of teleportation, it crumbles to dust.
You feel strangely unstable.
You feel very sick.
You shoot an arrow. The arrow hits the basilisk.
The basilisk hisses angrily.
The basilisk is lightly wounded.
You feel sick. The basilisk gazes at you. You resist with some effort.
You shoot an arrow. The arrow hits the basilisk.
The basilisk is lightly wounded.
You feel sick.
You shoot an arrow.
The arrow hits the basilisk but does no damage.
The basilisk is lightly wounded.
You feel sick. The basilisk closely misses you. You furiously retaliate!
You headbutt the basilisk! You shoot an arrow. The arrow hits the basilisk.
The basilisk is heavily wounded.
You die...

.......
### #
.......
#P##.#
.......
##....#
#.....
#.@#
#....
#[.l..#
#....
#.....#
##...Y
#.....#
#....l
##..8...
#[.8.Y
#.....#.
.......
##...(.
.
......#
#.....
......
.8..##


You could see a basilisk.

Vanquished Creatures
  Gastronok (D:9)
  A boulder beetle (D:10)
  A two-headed ogre (D:8)
  A cyclops (D:7)
  A black mamba (Lair:1)
  A komodo dragon (Lair:1)
  A hornet (D:8)
  Prince Ribbit (D:6)
  Sigmund (D:3)
  A shadow (D:10)
  15 yaks
  6 humans (D:8)
  3 steam dragons
  4 vampire mosquitoes (D:10)
  Menkaure (D:6)
  3 water moccasins
  3 orc warriors
  4 black bears
  2 ice beasts (D:6)
  4 sky beasts
  4 ogres
  3 centaurs
  7 scorpions
  A gnoll sergeant (D:10)
  16 wights
  5 killer bees (D:10)
  An electric eel (D:6)
  4 howler monkeys
  2 hounds
  2 jellies (D:7)
  2 orc priests
  3 gnoll boudas
  A sleepcap (D:5)
  Terence (D:2)
  3 iguanas
  Natasha (D:3)
  4 orc wizards
  26 gnolls
  12 adders
  A shadow imp (D:6)
  A white imp (D:5)
  3 ufetubi (D:6)
  4 worms
  3 dart slugs
  46 orcs
  7 bats
  6 endoplasms
  2 giant cockroaches
  7 goblins
  5 hobgoblins
  11 kobolds
  3 quokkas
  6 ball pythons
  A frilled lizard (D:2)
  4 rats
263 creatures vanquished.

Notes
Turn   | Place    | Note
-------+----------+-------------------------------------------
     0 | D:1      | qw the Minotaur Hunter began the quest for the Orb.
     0 | D:1      | Reached XP level 1. HP: 18/18 MP: 0/0
     0 | D:1      | 0 ||| qw: Version: 0.2-a-117-gc6b5c8b
     0 | D:1      | 0 ||| qw: Game counter: 2591
     0 | D:1      | 0 ||| qw: Always use a shield: true
     0 | D:1      | 0 ||| qw: God list: Okawaru
     0 | D:1      | 0 ||| qw: Allow faded altars: false
     0 | D:1      | 0 ||| qw: Do Orc after D:15 true
     0 | D:1      | 0 ||| qw: Do second Lair branch before Depths: true
     0 | D:1      | 0 ||| qw: Lair rune preference: random
     0 | D:1      | 0 ||| qw: Plans: Normal
     0 | D:1      | 0 ||| PLANNING D:1-11
   109 | D:1      | Reached XP level 2. HP: 25/25 MP: 1/1
   261 | D:1      | Reached skill level 5 in Ranged Weapons
   380 | D:1      | Reached skill level 3 in Fighting
   560 | D:1      | Found a faded altar of an unknown god.
   698 | D:1      | 698 ||| UPGRADING to +0 ring mail.
   708 | D:1      | 708 ||| DROPPING +0 leather armour.
   709 | D:1      | 709 ||| UPGRADING to +0 cloak.
   714 | D:1      | 714 ||| UPGRADING to amulet of regeneration.
   719 | D:1      | 719 ||| UPGRADING to ring of positive energy.
   720 | D:1      | 720 ||| UPGRADING to ring of positive energy.
   721 | D:1      | 721 ||| DROPPING scroll of butterflies.
   739 | D:2      | Reached skill level 1 in Armour
   739 | D:2      | Reached XP level 3. HP: 30/31 MP: 2/2
   754 | D:2      | 754 ||| STAIRDANCE
   769 | D:2      | 769 ||| STAIRDANCE
   776 | D:2      | 776 ||| STAIRDANCE
   784 | D:1      | Reached XP level 4. HP: 35/38 MP: 3/3
   810 | D:2      | Found Yqatwaesh's Assorted Antiques.
   818 | D:2      | 818 ||| BUYING cyan potion (22 gold).
   818 | D:2      | Bought a cyan potion for 22 gold pieces
   818 | D:2      | 818 ||| SHOPLISTING gluggy blue potion (22 gold, have 9).
   818 | D:2      | 818 ||| SHOPLISTING long silver wand (100 gold, have 9).
   818 | D:2      | 818 ||| SHOPLISTING scroll labelled WAFAYDA TIRUM (25 gold,
                  | have 9).
   818 | D:2      | 818 ||| SHOPLISTING small marble ring (125 gold, have 9).
   839 | D:2      | Found a glowing golden altar of the Shining One.
   871 | D:2      | Noticed Terence
   892 | D:2      | Killed Terence
   893 | D:2      | Reached skill level 6 in Ranged Weapons
   931 | D:2      | Found Xiof's Book Shoppe.
  1046 | D:2      | Identified the ring of Ibosuzxea {MP+9 Str+3}
  1200 | D:2      | Found Plog's Antique Weapon Boutique.
  1209 | D:2      | 1209 ||| BUYING orcbow (84 gold).
  1209 | D:2      | Bought an orcbow for 84 gold pieces
  1209 | D:2      | 1209 ||| SWAPPING to +0 orcbow.
  1213 | D:2      | 1213 ||| DROPPING +0 shortbow.
  1300 | D:2      | Found Xycagh's Armour Shop.
  1308 | D:2      | 1308 ||| SHOPLISTING +0 pair of gloves (54 gold, have 30).
  1308 | D:2      | 1308 ||| UPGRADING to ring of Ibosuzxea {MP+9 Str+3}.
  1379 | D:2      | 1379 ||| DROPPING ring of positive energy.
  1380 | D:2      | 1380 ||| UPGRADING to ring of resist corrosion.
  1382 | D:2      | 1382 ||| READING scroll labelled TEDIMU WOELLEO.
  1386 | D:2      | 1386 ||| READING 2 scrolls labelled ATOSOG USOCWIO.
  1389 | D:3      | Noticed a scorpion
  1394 | D:3      | Killed a scorpion
  1395 | D:3      | Reached XP level 5. HP: 45/47 MP: 4/4
  1597 | D:3      | Found a blossoming altar of Fedhas.
  1956 | D:3      | Noticed Natasha
  1961 | D:3      | Killed Natasha
  1987 | D:3      | Noticed Sigmund
  1994 | D:3      | Killed Sigmund
  1995 | D:3      | Reached skill level 7 in Ranged Weapons
  1995 | D:3      | Reached XP level 6. HP: 36/53 MP: 5/5
  2045 | D:3      | 2045 ||| READING scroll labelled ZUAZXA PYCOHA.
  2146 | D:3      | 2146 ||| READING scroll labelled AZOTUN APHIUBO.
  2147 | D:3      | 2147 ||| DRINKING 2 white potions.
  2252 | D:3      | 2252 ||| DRINKING 2 sapphire potions.
  2253 | D:3      | 2253 ||| READING 2 scrolls of identify.
  2253 | D:3      | 2253 ||| IDENTIFYING cyan potion
  2254 | D:3      | 2254 ||| DROPPING potion of berserk rage.
  2255 | D:3      | 2255 ||| DROPPING potion of invisibility.
  2430 | D:4      | Reached skill level 8 in Ranged Weapons
  2502 | D:4      | Found a glowing silver altar of Zin.
  2930 | D:4      | Reached XP level 7. HP: 61/61 MP: 6/6
  3112 | D:4      | 3112 ||| READING scroll labelled XAQEDU IMALL.
  3113 | D:4      | 3113 ||| READING 2 scrolls of identify.
  3113 | D:4      | 3113 ||| IDENTIFYING murky green potion
  3114 | D:4      | 3114 ||| DROPPING potion of ambrosia.
  3134 | D:5      | Entered Level 5 of the Dungeon
  3158 | D:5      | Reached skill level 3 in Dodging
  3200 | D:5      | Found a broken altar of Ashenzari.
  3428 | D:5      | Found a staircase to the Ecumenical Temple.
  3429 | D:5      | 3429 ||| PLANNING TEMPLE
  3429 | D:5      | 3429 ||| READING 2 scrolls of identify.
  3429 | D:5      | 3429 ||| IDENTIFYING inky potion
  3439 | Temple   | Entered the Ecumenical Temple
  3447 | Temple   | 3447 ||| PLANNING OKAWARU WORSHIP
  3602 | Temple   | Became a worshipper of Warmaster Okawaru
  3602 | Temple   | 3602 ||| PLANNING D:1-11
  3698 | D:5      | HP: 3/61 [ogre/+0 giant spiked club (22)]
  3699 | D:5      | 3699 ||| READING 2 scrolls of teleportation.
  3702 | D:5      | Reached skill level 9 in Ranged Weapons
  3703 | D:5      | 3703 ||| FLEEEEING.
  3704 | D:5      | 3704 ||| FLEEEEING.
  3705 | D:5      | 3705 ||| FLEEEEING.
  3706 | D:5      | 3706 ||| FLEEEEING.
  3707 | D:5      | 3707 ||| FLEEEEING.
  3708 | D:5      | 3708 ||| FLEEEEING.
  3709 | D:5      | 3709 ||| FLEEEEING.
  3710 | D:5      | 3710 ||| FLEEEEING.
  3711 | D:5      | 3711 ||| FLEEEEING.
  3712 | D:5      | 3712 ||| FLEEEEING.
  3713 | D:5      | 3713 ||| FLEEEEING.
  3714 | D:5      | 3714 ||| FLEEEEING.
  3715 | D:5      | 3715 ||| FLEEEEING.
  3716 | D:5      | 3716 ||| FLEEEEING.
  3717 | D:5      | 3717 ||| FLEEEEING.
  3718 | D:5      | 3718 ||| FLEEEEING.
  3719 | D:5      | 3719 ||| FLEEEEING.
  3720 | D:5      | 3720 ||| FLEEEEING.
  3722 | D:5      | 3722 ||| FLEEEEING.
  3723 | D:5      | 3723 ||| FLEEEEING.
  3724 | D:5      | 3724 ||| FLEEEEING.
  3727 | D:5      | 3727 ||| FLEEEEING.
  3728 | D:5      | 3728 ||| STAIRDANCE
  3859 | D:5      | Reached skill level 6 in Fighting
  3864 | D:5      | Reached XP level 8. HP: 69/70 MP: 7/7
  3869 | D:5      | Reached * piety under Okawaru
  3904 | D:5      | Identified the +1 ring mail of Hopscotch {rC+ Str+4}
  3958 | D:5      | Found a sparkling altar of Nemelex Xobeh.
  4043 | D:5      | 4043 ||| UPGRADING to +1 ring mail of Hopscotch {rC+
                  | Str+4}.
  4053 | D:5      | 4053 ||| DROPPING +0 ring mail.
  4054 | D:5      | 4054 ||| READING scroll labelled SAIKUHOXUL.
  4102 | D:6      | 4102 ||| INVOKING Heroism.
  4110 | D:6      | Reached skill level 1 in Invocations
  4119 | D:6      | 4119 ||| STAIRDANCE
  4165 | D:6      | 4165 ||| INVOKING Heroism.
  4297 | D:6      | Reached skill level 10 in Ranged Weapons
  4334 | D:6      | Reached skill level 3 in Invocations
  4359 | D:6      | Noticed Menkaure
  4360 | D:6      | 4360 ||| INVOKING Heroism.
  4365 | D:6      | Killed Menkaure
  4664 | D:6      | 4664 ||| INVOKING Heroism.
  4665 | D:6      | 4665 ||| Stepping ~*~*~tactically~*~*~ (outnumbered).
  4674 | D:6      | Noticed Prince Ribbit
  4688 | D:6      | 4688 ||| INVOKING Heroism.
  4689 | D:6      | Killed Prince Ribbit
  4690 | D:6      | Reached XP level 9. HP: 79/79 MP: 11/11
  4719 | D:6      | Found a shimmering altar of Xom.
  4854 | D:6      | 4854 ||| INVOKING Heroism.
  5439 | D:6      | 5439 ||| READING 2 scrolls of identify.
  5439 | D:6      | 5439 ||| IDENTIFYING metallic pink potion
  5440 | D:6      | 5440 ||| DROPPING potion of enlightenment.
  5447 | D:7      | 5447 ||| INVOKING Heroism.
  5451 | D:7      | Reached skill level 11 in Ranged Weapons
  5571 | D:7      | Reached skill level 3 in Armour
  5723 | D:7      | 5723 ||| INVOKING Heroism.
  5738 | D:7      | 5738 ||| Stepping ~*~*~tactically~*~*~ (outnumbered).
  5752 | D:7      | 5752 ||| INVOKING Heroism.
  5865 | D:7      | Noticed a cyclops
  5866 | D:7      | 5866 ||| INVOKING Heroism.
  5877 | D:7      | Killed a cyclops
  5878 | D:7      | Reached skill level 12 in Ranged Weapons
  5917 | D:7      | 5917 ||| READING scroll labelled QOCZOLIRPHIDGH.
  5918 | D:7      | 5918 ||| READING 2 scrolls of identify.
  5918 | D:7      | 5918 ||| IDENTIFYING purple potion
  5943 | D:8      | Noticed a two-headed ogre
  5944 | D:8      | 5944 ||| INVOKING Heroism.
  5951 | D:8      | Killed a two-headed ogre
  5951 | D:8      | Reached ** piety under Okawaru
  5952 | D:8      | Reached XP level 10. HP: 90/90 MP: 12/12
  6073 | D:8      | 6073 ||| INVOKING Heroism.
  6088 | D:8      | Reached skill level 13 in Ranged Weapons
  6088 | D:8      | 6088 ||| Stepping ~*~*~tactically~*~*~ (cloud).
  6164 | D:8      | 6164 ||| INVOKING Heroism.
  6172 | D:8      | Reached skill level 9 in Fighting
  6231 | D:8      | 6231 ||| INVOKING Heroism.
  6275 | D:8      | Reached skill level 6 in Dodging
  6275 | D:8      | Paralysed by a hornet for 3 turns
  6279 | D:8      | 6279 ||| INVOKING Heroism.
  6283 | D:8      | HP: 22/91 [poisoned by a hornet]
  6284 | D:8      | 6284 ||| READING 2 scrolls of teleportation.
  6291 | D:8      | 6291 ||| FLEEEEING.
  6297 | D:8      | 6297 ||| FLEEEEING.
  6298 | D:8      | 6298 ||| FLEEEEING.
  6299 | D:8      | 6299 ||| FLEEEEING.
  6300 | D:8      | 6300 ||| FLEEEEING.
  6301 | D:8      | 6301 ||| FLEEEEING.
  6303 | D:8      | 6303 ||| FLEEEEING.
  6304 | D:8      | 6304 ||| FLEEEEING.
  6305 | D:8      | 6305 ||| FLEEEEING.
  6306 | D:8      | 6306 ||| FLEEEEING.
  6307 | D:8      | 6307 ||| FLEEEEING.
  6319 | D:8      | 6319 ||| FLEEEEING.
  6320 | D:8      | 6320 ||| FLEEEEING.
  6321 | D:8      | 6321 ||| FLEEEEING.
  6322 | D:8      | 6322 ||| FLEEEEING.
  6325 | D:8      | 6325 ||| FLEEEEING.
  6326 | D:8      | 6326 ||| FLEEEEING.
  6327 | D:8      | 6327 ||| FLEEEEING.
  6331 | D:8      | 6331 ||| FLEEEEING.
  6332 | D:8      | 6332 ||| FLEEEEING.
  6336 | D:8      | 6336 ||| FLEEEEING.
  6587 | D:8      | Found an ancient bone altar of Kikubaaqudgha.
  6600 | D:8      | 6600 ||| INVOKING Heroism.
  6608 | D:8      | Reached skill level 14 in Ranged Weapons
  6610 | D:8      | Reached *** piety under Okawaru
  7023 | D:8      | 7023 ||| UPGRADING to +2 ring mail of fire resistance.
  7033 | D:8      | 7033 ||| READING scroll labelled WAFAYDA TIRUM.
  7034 | D:8      | 7034 ||| READING scroll labelled ANWODA ACHILI.
  7073 | D:8      | 7073 ||| DRINKING 2 brown potions.
  7134 | D:9      | Noticed Gastronok
  7135 | D:9      | 7135 ||| INVOKING Heroism.
  7153 | D:9      | 7153 ||| INVOKING Heroism.
  7160 | D:9      | HP: 10/91 [Gastronok (20)]
  7161 | D:9      | 7161 ||| READING scroll of teleportation.
  7319 | D:9      | 7319 ||| Stepping ~*~*~tactically~*~*~ (outnumbered).
  7321 | D:9      | 7321 ||| Stepping ~*~*~tactically~*~*~ (outnumbered).
  7332 | D:9      | 7332 ||| Stepping ~*~*~tactically~*~*~ (outnumbered).
  7336 | D:9      | 7336 ||| INVOKING Heroism.
  7387 | D:9      | 7387 ||| INVOKING Heroism.
  7414 | D:9      | Found a hide-covered altar of Uskayaw.
  7576 | D:9      | 7576 ||| INVOKING Heroism.
  7578 | D:9      | Reached XP level 11. HP: 58/97 MP: 13/13
  7661 | D:9      | 7661 ||| INVOKING Heroism.
  7732 | D:9      | Reached skill level 15 in Ranged Weapons
  7799 | D:9      | 7799 ||| INVOKING Heroism.
  7817 | D:9      | Killed Gastronok
  7930 | D:9      | 7930 ||| UPGRADING to +2 hat.
  7935 | D:9      | 7935 ||| DROPPING +6 ring of intelligence.
  7959 | D:10     | Entered Level 10 of the Dungeon
  7963 | D:10     | 7963 ||| STAIRDANCE
  8041 | D:10     | Found a burning altar of Makhleb.
  8062 | D:10     | 8062 ||| INVOKING Heroism.
  8089 | D:10     | 8089 ||| INVOKING Heroism.
  8167 | D:10     | 8167 ||| READING scroll labelled YXIGAAPOEN.
  8168 | D:10     | 8168 ||| DRINKING 2 metallic emerald potions.
  8189 | D:10     | 8189 ||| DROPPING potion of lignification.
  8224 | D:10     | Identified the +10 whip of Ru's Pride {freeze, +Blink
                  | Dex+2}
  8241 | D:10     | 8241 ||| INVOKING Heroism.
  8312 | D:10     | 8312 ||| READING scroll of enchant armour.
  8312 | D:10     | 8312 ||| ENCHANTING +0 cloak.
  8487 | D:10     | Found a staircase to the Lair.
  8628 | D:10     | Noticed a boulder beetle
  8629 | D:10     | 8629 ||| INVOKING Heroism.
  8647 | D:10     | 8647 ||| INVOKING Heroism.
  8675 | D:10     | Killed a boulder beetle
  8806 | D:10     | Found a glowing golden altar of the Shining One.
  8831 | D:10     | 8831 ||| PLANNING LAIR
  8831 | D:10     | 8831 ||| READING 2 scrolls labelled COAPRI QAOPP.
  8832 | D:10     | 8832 ||| DRINKING 2 puce potions.
  8833 | D:10     | 8833 ||| DROPPING scroll of poison.
  8835 | D:10     | 8835 ||| Stepping ~*~*~tactically~*~*~ (cloud).
  8863 | Lair:1   | Entered Level 1 of the Lair of Beasts
  8880 | Lair:1   | 8880 ||| INVOKING Heroism.
  8892 | Lair:1   | Reached skill level 16 in Ranged Weapons
  8947 | Lair:1   | 8947 ||| INVOKING Heroism.
  8963 | Lair:1   | HP: 24/101 [poisoned by a black mamba]
  8964 | Lair:1   | 8964 ||| READING 2 scrolls of teleportation.
  8965 | Lair:1   | HP: 11/101 [poisoned by a black mamba]
  8968 | Lair:1   | 8968 ||| READING scroll of teleportation.
  8968 | Lair:1   | HP: 3/101 [poisoned by a black mamba]
  8970 | Lair:1   | HP: 1/101 [poisoned by a black mamba]
  8972 | Lair:1   | Succumbed to a black mamba's poison

Levels and vault maps discovered:
D:1:      wander_arrival_desolate, layout_basic,
          dreamdust_ecumenical_altar_angels_and_demons, minmay_misc_feat_tiny
D:2:      layout_basic, serial_shops, nicolae_book_shop_shelving, shop, shop,
          shop, basic_altar, kennysheep_generic_room_5, uniq_terence
D:3:      layout_basic, fedhas_altar_4, uniq_natasha, uniq_sigmund
D:4:      cheibrodos_old_hovel, layout_basic,
          mainiacjoe_overflow_concentric_impassable
D:5:      layout_basic, mainiacjoe_overflow_surrounded_room,
          nemelex_altar_shiori, minmay_temple_entry_wispy, minmay_door_square
D:6:      layout_layer_cave, mainiacjoe_overflow_tiny_flanked,
          nicolae_water_bricks, uniq_menkaure, uniq_prince_ribbit1
D:7:      minmay_cornered_nines, layout_rooms
D:8:      layout_loops_ring, lemuel_round_altar, minmay_ruffians
D:9:      layout_roguey [special_room_orc], nicolae_overflow_hidden_temple,
          uniq_gastronok
D:10:     layout_irregular_city, tso_altar, mainiacjoe_overflow_paths,
          lair_entry_dummy, nzn_sisyphean_effort
Temple:   hellmonk_temple_forest_ring
Lair:1:   beast_lair_carwin_large_3, layout_gridlike, grunt_megastairs_3

Skill      XL: |  1  2  3  4  5  6  7  8  9 10 11 |
---------------+----------------------------------+-----
Ranged Weapons | 5 6 7 8 9 10 12 14 16 | 16.0
Fighting       | 3 4 5 6 7 8 10 | 10.6
Armour         | 1 2 3 4 |  4.4
Dodging        | 3 4 5 6 7 |  7.3
Invocations    | 4 |  4.2
Stealth        | |  0.7

Action                     |  1- 3 |  4- 6 |  7- 9 | 10-12 || total
---------------------------+-------+-------+-------+-------++-------
   Fire: Shortbow          |    94 |    62 |       |       ||   156
         Orcbow            |       |   108 |   314 |   540 ||   962
 Invoke: Heroism           |       |       |    11 |    19 ||    30
    Use: Scroll            |       |     5 |     8 |     9 ||    22
         Potion            |       |     2 |       |     3 ||     5
 Armour: Leather armour    |    12 |       |       |       ||    12
         Ring mail         |     9 |    16 |    43 |    53 ||   121
  Dodge: Dodged            |    32 |    22 |    94 |   170 ||   318

Table legend:
 A = Non-vault XP
 B = Vault XP
 C = Vault XP percentage of total XP
 D = Non-vault monster count
 E = Vault monster count
 F = Vault count percentage of total count
                 A         B        C        D         E       F
            +---------+---------+-------+---------+---------+-------
      Total |   11934 |    6318 |  34.6 |     214 |      49 |  18.6
            +---------+---------+-------+---------+---------+-------
        D:1 |      76 |       0 |   0.0 |      23 |       0 |   0.0
        D:2 |      80 |      36 |  31.0 |      21 |       1 |   4.5
        D:3 |     135 |     266 |  66.3 |      12 |       2 |  14.3
        D:4 |     130 |      40 |  23.5 |      21 |       1 |   4.5
        D:5 |     783 |       0 |   0.0 |      16 |       0 |   0.0
        D:6 |    1365 |     431 |  24.0 |      26 |       2 |   7.1
        D:7 |     969 |     695 |  41.8 |      20 |       3 |  13.0
        D:8 |    3639 |    1155 |  24.1 |      24 |       6 |  20.0
        D:9 |    2651 |    1787 |  40.3 |      26 |      28 |  51.9
       D:10 |    1755 |     845 |  32.5 |      23 |       1 |   4.2
     Lair:1 |     351 |    1063 |  75.2 |       2 |       5 |  71.4
            +---------+---------+-------+---------+---------+-------
